 Dungeon Crawl Stone Soup version 0.26.1-2-gb8aa6d0cf2 (webtiles) character file.

Game seed: 4749614508890055806

56 leafyfresh the Magician (level 3, -2/26 HPs)
             Began as a Gnoll Hedge Wizard on Feb 10, 2021.
             Slain by an iguana (11 damage)
             ... on level 2 of the Dungeon.
             The game lasted 00:03:59 (1775 turns).

leafyfresh the Magician (Gnoll Hedge Wizard)        Turns: 1775, Time: 00:04:00

Health: -2/26      AC:  3    Str: 12    XL:     3   Next: 95%
Magic:  5/11       EV: 14    Int: 17    God:
Gold:   98         SH:  0    Dex: 14    Spells: 15/16 levels left

rFire    . . .     SeeInvis .   f - +0 whip (vamp)
rCold    . . .     Faith    .   (no shield)
rNeg     . . .     Spirit   .   b - +0 robe
rPois    .         Reflect  .   o - +0 helmet (curse)
rElec    .         Harm     .   (no cloak)
rCorr    .         Rampage  .   (no gloves)
Will     .....                  (no boots)
Stlth    +++.......             (no amulet)
HPRegen  0.08/turn              (no ring)
MPRegen  0.12/turn              (no ring)

@: no status effects
A: distributed training, fangs 1, strong nose
a: no special abilities


You were on level 2 of the Dungeon.
You visited 1 branch of the dungeon, and saw 2 of its levels.

You collected 98 gold pieces.

Inventory:

Hand Weapons
 a - a +0 dagger
 f - a +0 vampiric whip (weapon)
Missiles
 e - 28 sling bullets
Armour
 b - a +0 robe (worn)
 c - a +0 hat
 o - a cursed +0 helmet (worn)
Scrolls
 g - a scroll of enchant armour {unknown}
 i - 2 scrolls of fog {unknown}
 l - a scroll of identify {unknown}
 m - 2 scrolls of remove curse {unknown}
 n - a scroll of enchant weapon {unknown}
 p - a scroll of immolation {unknown}
Potions
 d - a potion of ambrosia {unknown}
 h - a potion of attraction {unknown}
 j - a potion of invisibility {unknown}
 k - 2 potions of might {unknown}
 q - a potion of flight {unknown}


   Skills:
 + Level 1.0 Fighting
 + Level 1.0 Short Blades
 + Level 1.0 Long Blades
 + Level 1.0 Axes
 + Level 1.0 Maces & Flails
 + Level 1.0 Polearms
 + Level 1.0 Staves
 + Level 1.0 Slings
 + Level 1.0 Bows
 + Level 1.0 Crossbows
 + Level 1.0 Throwing
 + Level 1.0 Armour
 + Level 4.6 Dodging
 + Level 4.2 Stealth
 + Level 1.0 Shields
 + Level 1.0 Unarmed Combat
 + Level 7.1 Spellcasting
 + Level 2.1 Conjurations
 + Level 0.7 Hexes
 + Level 2.1 Summonings
 + Level 0.7 Necromancy
 + Level 2.1 Translocations
 + Level 0.7 Transmutations
 + Level 0.7 Fire Magic
 + Level 0.7 Ice Magic
 + Level 0.7 Air Magic
 + Level 0.7 Earth Magic
 + Level 0.7 Poison Magic
 + Level 1.0 Invocations
 + Level 1.0 Evocations


You had 15 spell levels left.
You knew the following spells:

 Your Spells              Type           Power        Failure   Level
a - Magic Dart            Conj           52%          4%          1

Your spell library contained the following spells:

 Spells                   Type           Power        Failure   Level
 Blink                    Tloc           N/A          7%          2
 Call Imp                 Summ           13%          7%          2
 Slow                     Hex            8%           13%         2
 Conjure Flame            Conj/Fire      11%          19%         3
 Mephitic Cloud           Conj/Pois/Air  10%          22%         3


Dungeon Overview and Level Annotations

Branches:
Dungeon (2/15)

Altars:


Innate Abilities, Weirdness & Mutations

Your experience applies equally to all skills.
You have very sharp teeth.
Your uncanny sense of smell can sniff out nearby items.


Message History

The magic dart hits the iguana.
The iguana is severely wounded.
The iguana barely misses you.
Casting: Magic Dart (safe; 4% risk of failure)
Confirm with . or Enter, or press ? or * to list all spells.
Aiming: Magic Dart (safe; 4% risk of failure)
Press: ? - help, Shift-Dir - straight line, f/p - iguana
Aim: an iguana (severely wounded, 0% to evade)
The magic dart hits the iguana but does no damage.
The iguana is severely wounded.
The iguana bites you!
Casting: Magic Dart (safe; 4% risk of failure)
Confirm with . or Enter, or press ? or * to list all spells.
Aiming: Magic Dart (safe; 4% risk of failure)
Press: ? - help, Shift-Dir - straight line, f/p - iguana
Aim: an iguana (severely wounded, 0% to evade)
The magic dart hits the iguana.
The iguana is almost dead.
The iguana bites you!
You die...

#### ######..
##......#### #
....#..... .#
#.#.#...## .#
#######.###.#.#....#..#
∆
...............l.>.#..#
#.##.##.###.#...@.....#
#.##....###l######.#.##
#...###...#.#)..l..#
#....##...#.#.######.#
#.##.##...#..........#
####†##...####.#######
..##......# #...#
#.####....######.#
#.####........##.#


You could see an iguana.

Vanquished Creatures
  An ooze (D:2)
  2 dart slugs
  A leopard gecko (D:1)
  A ball python (D:1)
  2 bats (D:1)
  2 giant cockroaches (D:2)
  5 goblins (D:1)
  8 hobgoblins
  8 jackals
  2 frilled lizards
  5 kobolds
  2 rats (D:2)
39 creatures vanquished.

Notes
Turn   | Place    | Note
-------+----------+-------------------------------------------
     0 | D:1      | leafyfresh the Gnoll Hedge Wizard began the quest for the
                  | Orb.
     0 | D:1      | Reached XP level 1. HP: 13/13 MP: 8/8
   161 | D:1      | Reached XP level 2. HP: 16/19 MP: 8/10
   747 | D:1      | Reached XP level 3. HP: 25/25 MP: 11/11
  1229 | D:2      | Reached skill level 1 in Invocations
  1386 | D:2      | Reached skill level 1 in Fighting
  1386 | D:2      | Reached skill level 1 in Short Blades
  1386 | D:2      | Reached skill level 1 in Long Blades
  1386 | D:2      | Reached skill level 1 in Axes
  1386 | D:2      | Reached skill level 1 in Maces & Flails
  1386 | D:2      | Reached skill level 1 in Polearms
  1386 | D:2      | Reached skill level 1 in Staves
  1386 | D:2      | Reached skill level 1 in Slings
  1386 | D:2      | Reached skill level 1 in Bows
  1386 | D:2      | Reached skill level 1 in Crossbows
  1386 | D:2      | Reached skill level 1 in Throwing
  1386 | D:2      | Reached skill level 1 in Armour
  1386 | D:2      | Reached skill level 1 in Shields
  1386 | D:2      | Reached skill level 1 in Unarmed Combat
  1386 | D:2      | Reached skill level 1 in Evocations
  1775 | D:2      | Slain by an iguana

Illustrated notes

Levels and vault maps discovered:
D:1:      dpeg_arrival_tiny_c, layout_rooms, patterned_corridor
D:2:      layout_basic

Skill      XL: |  1  2  3 |
---------------+----------+-----
Conjurations   | 2 |  2.1
Summonings     | 2 |  2.1
Translocations | 2 |  2.1
Invocations    | 1 |  1.0
Fighting       | 1 |  1.0
Short Blades   | 1 |  1.0
Long Blades    | 1 |  1.0
Axes           | 1 |  1.0
Maces & Flails | 1 |  1.0
Polearms       | 1 |  1.0
Staves         | 1 |  1.0
Slings         | 1 |  1.0
Bows           | 1 |  1.0
Crossbows      | 1 |  1.0
Throwing       | 1 |  1.0
Armour         | 1 |  1.0
Shields        | 1 |  1.0
Unarmed Combat | 1 |  1.0
Evocations     | 1 |  1.0
Dodging        | |  4.6
Stealth        | |  4.2
Spellcasting   | |  7.1
Hexes          | |  0.7
Necromancy     | |  0.7
Transmutations | |  0.7
Fire Magic     | |  0.7
Ice Magic      | |  0.7
Air Magic      | |  0.7
Earth Magic    | |  0.7
Poison Magic   | |  0.7

Action                   || total
-------------------------++-------
Melee: Dagger            ||     1
       Whip              ||   127
       Bite              ||    10
 Cast: Magic Dart        ||    25
 Stab: Distracted        ||     2
       Sleeping          ||     4
Armor: Robe              ||    24
Dodge: Dodged            ||    99
